 Dungeon Crawl Stone Soup version 0.29-a0-371-g91724d5b39 (webtiles) character file.

Game seed: 14193504004145544818

1152 psuckher the Covert (level 8, 0/54 HPs)
             Began as an Octopode Delver on May 2, 2022.
             Was an Initiate of Gozag.
             Slain by a troll (2 damage)
             ... on level 6 of the Dungeon.
             The game lasted 00:32:10 (7892 turns).

psuckher the Covert (Octopode Delver)               Turns: 7892, Time: 00:32:13

Health: 0/54       AC:  1    Str: 13    XL:     8   Next: 38%
Magic:  8/8        EV: 17    Int: 19    God:    Gozag
Gold:   622        SH:  5    Dex: 13    Spells: 7/7 levels left

rFire   + . .      SeeInvis .   a - +0 hand axe
rCold   + . .      Faith    .   (no shield)
rNeg    . . .      Spirit   .   (helmet restricted)
rPois   +          Reflect  +   l - amulet of reflection
rElec   +          Harm     .   p - +4 ring of evasion
rCorr   +          Rampage  .   r - ring of willpower
Will    +....                   j - +6 ring of intelligence
Stlth   ++++++....              (no ring)
HPRegen 0.18/turn               (no ring)
MPRegen 0.11/turn               (no ring)
                                (no ring)
                                (no ring)

@: resistant
A: almost no armour, amphibious, 8 rings, camouflage 1, gelatinous body 1,
(nimble swimmer 1), tentacles
a: Renounce Religion, Potion Petition, Call Merchant, Bribe Branch


You were on level 6 of the Dungeon.
You worshipped Gozag.
Gozag was pleased with you.
You visited 2 branches of the dungeon, and saw 7 of its levels.

You collected 834 gold pieces.
You spent 195 gold pieces at shops.
You paid 17 gold pieces to Gozag.

Inventory:

Hand Weapons
 a - a +0 hand axe (weapon)
 i - a +2 executioner's axe of freezing
Missiles
 q - 5 atropa-tipped darts (quivered)
Armour
 m - a scarf of resistance
Jewellery
 j - a +6 ring of intelligence (on tentacle)
 l - an amulet of reflection (around mantle)
 p - a +4 ring of evasion (left tentacle)
 r - a ring of willpower (right tentacle)
Wands
 f - a wand of digging (3)
Scrolls
 b - 2 scrolls of fog
 c - 3 scrolls of magic mapping
 g - a scroll of torment
 h - a scroll of blinking
 n - a scroll of noise {unknown}
 o - 2 scrolls of vulnerability
 s - a scroll of enchant armour
 t - a scroll of summoning {unknown}
 u - a scroll of silence {unknown}
Potions
 d - a potion of heal wounds
 e - a potion of haste
 k - a potion of lignification


   Skills:
 + Level 4.5 Fighting
 + Level 6.3 Axes
 + Level 3.0 Dodging
 + Level 10.8 Stealth
 + Level 1.4 Shields


You had 7 spell levels left.
You didn't know any spells.
Your spell library contained the following spells:

 Spells                   Type           Power      Damage    Failure   Level
 Foxfire                  Conj/Fire      0%         2x1d4     21%         1
 Sting                    Tmut/Pois      0%         1d3       21%         1
 Poisonous Vapours        Pois/Air       0%         N/A       30%         2
 Conjure Flame            Conj/Fire      0%         6-21      52%         3
 Inner Flame              Hex/Fire       0%         N/A       52%         3
 Tukima's Dance           Hex            0%         N/A       52%         3
 Anguish                  Hex/Necr       0%         N/A       90%         4
 Flame Wave               Conj/Fire      0%         2d4       90%         4
 Olgreb's Toxic Radiance  Pois           0%         N/A       90%         4
 Enfeeble                 Hex            0%         N/A       100%        7


Dungeon Overview and Level Annotations

Branches:
Dungeon (6/15)             Temple (1/1) D:4

Altars:
Ashenzari
Cheibriados
Dithmenos
Fedhas
Gozag
Hepliaklqana
Kikubaaqudgha
Makhleb
Nemelex Xobeh
Okawaru
Qazlal
Ru
Sif Muna
Trog
Uskayaw
Wu Jian
Yredelemnul
Zin
The Shining One

Shops:
D:3 [   D:5 !


Innate Abilities, Weirdness & Mutations

You cannot wear most types of armour.
You are amphibious.
You can wear up to eight rings at the same time.
Your skin changes colour to match your surroundings (Stealth+).
Your rubbery body absorbs attacks. (AC +1, EV +1)
((You are camouflaged when in or above water. (Stealth+)))
You have tentacles for arms and can constrict up to eight enemies at once.


Message History

The troll misses you.
You closely miss the troll. The troll barely misses you. x3
You slash the troll!
The troll is lightly wounded.
You block the troll's attack. x3
You hit the troll. Your squeeze misses the troll.
The troll is moderately wounded.
The troll bites you!
* * * LOW HITPOINT WARNING * * *
The troll completely misses you. The troll closely misses you.
You hit the troll.
The troll is moderately wounded.
You block the troll's attack. The troll closely misses you. x2
You feel much better. The troll bites you. The troll closely misses you.
The troll misses you.
You feel much better. The troll closely misses you. The troll claws you!
The troll completely misses you.
You completely miss the troll.
The troll is lightly wounded.
The troll closely misses you. x2; The troll claws you.
You hit the troll. Your squeeze misses the troll.
The troll is moderately wounded.
The troll misses you. The troll claws you. The troll misses you.
You hit the troll.
The troll is moderately wounded.
You block the troll's attack. The troll claws you. x2
You hit the troll.
The troll is moderately wounded.
The troll barely misses you. The troll misses you. The troll claws you!
You barely miss the troll.
The troll is moderately wounded.
The troll closely misses you. You block the troll's attack.
The troll barely misses you.
You hit the troll.
The troll is moderately wounded.
The troll bites you!!
* * * LOW HITPOINT WARNING * * *
The troll claws you.
You die...
Your body crumbles into a pile of gold.

#.......# .. .....#'#
#.......#### .#######.......
#.......... ..... +.......
#......... ... #.......
#.......### #+ #+##.####.T.....
#.......##..##.###.##.##.##.....#
#........#.)..............#.....#
#........#......@T........'.<...#
#..##'#########.#########.#.....#
#..#.....# #.# ##..###.###....
#'##.....# ... +.........+....
.........# #... #.........#....
.........##+#################....
..<..............................
.................................
..............................^..


You could see a troll.

Vanquished Creatures
  Sigmund (D:3)
  A shadow (D:6)
  An ogre (D:3)
  Blork the orc (D:6)
  2 necrophages (D:4)
  A scorpion (D:5)
  5 hounds
  2 orc priests
  An iguana (D:4)
  Natasha (thrice) (D:2)
  3 gnolls (D:3)
  4 adders
  A white imp (D:5)
  2 worms (D:2)
  3 dart slugs
  14 orcs
  10 ball pythons
  7 bats
  2 endoplasms
  2 giant cockroaches
  7 hobgoblins
  4 jackals (D:2)
  3 kobolds
  4 quokkas
  A frilled lizard (D:3)
  6 goblins
  6 rats
97 creatures vanquished.

Vanquished Creatures (others)
  A human (D:5)
  A fungus (D:3)
  10 plants (D:3)
12 creatures vanquished.

Grand Total: 109 creatures vanquished

Notes
Turn   | Place    | Note
-------+----------+-------------------------------------------
     0 | D:5      | psuckher the Octopode Delver began the quest for the Orb.
     0 | D:5      | Reached XP level 1. HP: 16/16 MP: 1/1
    40 | D:5      | Noticed a hound
    46 | D:5      | Killed a hound
    47 | D:5      | Reached skill level 7 in Stealth
    47 | D:5      | Reached XP level 2. HP: 7/21 MP: 2/2
    47 | D:5      | Reached XP level 3. HP: 8/26 MP: 3/3
   192 | D:5      | Reached skill level 8 in Stealth
   192 | D:5      | Reached XP level 4. HP: 11/31 MP: 4/4
   443 | D:5      | Noticed a scorpion
   455 | D:5      | Killed a scorpion
   456 | D:5      | Reached XP level 5. HP: 25/36 MP: 5/5
   784 | D:5      | Found an ancient bone altar of Kikubaaqudgha.
   825 | D:5      | Noticed a human
   826 | D:5      | Found Zufaofer's Distillery.
   826 | D:5      | Killed a human
  1438 | D:4      | Found a staircase to the Ecumenical Temple.
  1456 | Temple   | Entered the Ecumenical Temple
  1894 | Temple   | Became a worshipper of Gozag Ym Sagoz the Greedy
  2154 | D:4      | Reached skill level 9 in Stealth
  2156 | D:4      | Reached XP level 6. HP: 11/43 MP: 6/6
  3053 | D:2      | Noticed Natasha
  3059 | D:2      | Killed Natasha
  3414 | D:2      | Noticed Natasha
  3423 | D:2      | Killed Natasha
  3545 | D:2      | Noticed Natasha
  3552 | D:2      | Killed Natasha
  4083 | D:2      | Reached XP level 7. HP: 46/48 MP: 7/7
  5357 | D:3      | Found a faded altar of an unknown god.
  5560 | D:3      | Noticed Sigmund
  5575 | D:3      | Killed Sigmund
  5576 | D:3      | Reached skill level 5 in Axes
  5576 | D:3      | Reached skill level 10 in Stealth
  6088 | D:3      | Found a glowing golden altar of the Shining One.
  6224 | D:3      | Found Haosuskaf's Antique Armour Emporium.
  6248 | D:3      | Reached skill level 1 in Shields
  6808 | D:6      | Noticed a shadow
  6822 | D:6      | Killed a shadow
  6823 | D:6      | Reached XP level 8. HP: 54/54 MP: 8/8
  7096 | D:6      | Noticed Blork the orc
  7213 | D:6      | Noticed a troll
  7323 | D:5      | Bought a potion of heal wounds for 65 gold pieces
  7323 | D:5      | Bought a potion of heal wounds for 65 gold pieces
  7323 | D:5      | Bought a potion of heal wounds for 65 gold pieces
  7529 | D:6      | Killed Blork the orc
  7892 | D:6      | HP: 2/54 [troll (18)]
  7892 | D:6      | Slain by a troll

Illustrated notes

Levels and vault maps discovered:
D:1:      evilmike_arrival_grusome_pit, layout_rooms
D:2:      layout_basic, uniq_natasha
D:3:      layout_rooms, tso_metal_star, serial_shops, shop,
          shapermc_ecumenical_altar_mp_ritualfount, uniq_sigmund
D:4:      layout_rooms, temple_green
D:5:      layout_basic, tgw_kikubaaqudgha, serial_shops,
          nicolae_take_the_stairs, minivault_14
D:6:      layout_gridville, mainiacjoe_overflow_alcove_4,
          kennysheep_generic_room_13, uniq_blork_the_orc
Temple:   minmay_crystal_spiral_temple

Skill      XL: |  1  2  3  4  5  6  7  8 |
---------------+-------------------------+-----
Stealth        | 7 8 9 10 | 10.8
Axes           | 3 4 6 |  6.3
Fighting       | 4 |  4.5
Shields        | 1 |  1.4
Dodging        | 3 |  3.0

Action                   |  1- 3 |  4- 6 |  7- 9 || total
-------------------------+-------+-------+-------++-------
Melee: Hand axe          |    10 |     7 |    37 ||    54
       Constrict         |     3 |    20 |    24 ||    47
       Tentacles         |     2 |    15 |    27 ||    44
       Executioner's axe |       |    66 |    84 ||   150
Throw: Dart              |       |       |     1 ||     1
  Use: Scroll            |       |     3 |    10 ||    13
       Potion            |       |     3 |     7 ||    10
 Stab: Sleeping          |       |    11 |    13 ||    24
       Distracted        |       |       |     1 ||     1
Armor: Skin              |       |     3 |     5 ||     8
Dodge: Dodged            |    15 |    58 |    98 ||   171
Block: Other             |       |    16 |    35 ||    51

Table legend: (Time is in decaauts)
 A = Elapsed time spent in this place.
 B = Non-inter-level travel time spent in this place.
 C = Inter-level travel time spent in this place.
 D = Time resting spent in this place.
 E = Time spent auto-exploring this place.
 F = Levels seen in this place.
 G = Mean time per level.
                   A        B        C        D        E       F      G
               +--------+--------+--------+--------+--------+-----+--------+
         Total |   7995 |   6566 |   1429 |      0 |   2021 |   7 | 1142.1 |
       Dungeon |   7329 |   6427 |    902 |      0 |   1909 |   6 | 1221.5 |
        Temple |    665 |    138 |    527 |      0 |    112 |   1 |  665.0 |
               +--------+--------+--------+--------+--------+-----+--------+

Top non-repeatable levels by time:
     D:2: 1917 daAuts
     D:5: 1651 daAuts
     D:3: 1129 daAuts
     D:4: 1027 daAuts
     D:6: 1002 daAuts
  Temple: 665 daAuts
     D:1: 600 daAuts
